cohdb
Replays
Latest Replays
All Replays
Popular Replays
Top Player Replays
Match Explorer
How It Works
Community
CoH3 Stats
Reddit
Sign in to upload your games and track your stats! →
Sign in with Steam
Match 40955308
Unlisted
Match 40955308
Overview
Messages
Build Orders
End
Construct Barracks
Riflemen Squad
Riflemen Squad
Riflemen Squad
Grenade Package
Riflemen Squad
Infantry Support Center
Selects Advanced Infantry Battlegroup
Selects Convert to Ranger Squad
Selects Frontline Medical Station
Frontline Medical Station
Construct Motor Pool
M1 Anti-tank Gun Team
M1918 Browning Automatic Rifles
M1 Anti-tank Gun Team
Selects Infantry Assault
Infantry Assault
Ranger Squad
Infantry Assault
Selects Ammunition Storage
Selects M2A1 105mm Howitzer Emplacement
Engineer Squad
Infantry Assault
Advanced Logistics
[EPIC]SAGEKING
Dumpster Bob
Potato Ball Sack
-97
JIANHU
TIAmoRoselia.
cds700
Silver
0
0
Comments
sign in to comment!
No comments posted yet!